Map: [ESL] Inside and Out

Players

trigger

  • Race: Protoss Protoss
  • Spawn Location: 1:00

Astrea - Winner!

  • Race: Protoss Protoss
  • Spawn Location: 7:00

Event: DreamHack SC2 Masters 2022 Atlanta (Online)

VOD

Have the link to the VOD?

Description

Time

  • Played on: Oct. 12, 2022, 4:59 p.m.
  • Length: 8:32

All games in this series

Show
View Real Time Build Order
Export as new Build Order

trigger Protoss 

Build Orders: Blink Stalkers 

Get SALT Encoding   

  12  0:00  Probe  
  13  0:12  Probe  
  14  0:17  Pylon  
  14  0:24  Probe (Chrono Boost)  
  16  0:36  Gateway, Probe (Chrono Boost)  
  16  0:43  Probe (Chrono Boost)  
  16  0:45  Assimilator  
  17  0:51  Probe  
  17  0:54  Assimilator  
  18  1:03  Probe (Chrono Boost)  
  19  1:07  Gateway  
  20  1:12  Probe (Chrono Boost)  
  20  1:17  Probe (Chrono Boost)  
  20  1:24  Cybernetics Core  
  21  1:29  Probe  
  22  1:35  Pylon  
  22  1:41  Probe  
  24  1:55  Gateway  
  24  2:01  Adept x2  
  27  2:04  Warp Gate  
  27  2:10  Pylon  
  27  2:21  Pylon  
  27  2:31  Stalker  
  27  2:32  Stalker  
  32  2:52  Pylon  
  32  3:00  Twilight Council  
  32  3:09  Stalker  
  32  3:11  Pylon  
  32  3:15  Stalker  
  34  3:20  Stalker  
  34  3:24  Probe  
  35  3:28  Blink (Chrono Boost)  
  33  3:58  Stalker x3  
  39  4:03  Shield Battery  
  39  4:21  Stalker x2  
  41  4:35  Stalker  
  43  4:44  Stalker  
  45  4:46  Pylon  
  45  4:47  Stalker  
  47  4:55  Pylon  
  47  5:06  Stalker  
  45  5:26  Stalker x2  
  47  5:30  Stalker  
  49  5:49  Stalker x2  
  53  5:50  Stalker  
  53  6:13  Stalker  
  53  6:17  Pylon  
  51  6:34  Stalker x2  
  53  6:40  Stalker  
  51  6:57  Stalker x2  
  51  7:11  Stalker  
  51  7:13  Stalker  
  53  7:25  Stalker  
  55  7:36  Stalker x2  
  57  7:48  Stalker  
  53  7:59  Adept x2  
  53  8:26  Nexus  
Show
View Real Time Build Order
Export as new Build Order

Astrea Protoss - Winner!

Build Orders: 1 Gate Expand 

Get SALT Encoding   

  12  0:00  Probe  
  13  0:12  Probe  
  14  0:18  Pylon  
  14  0:24  Probe (Chrono Boost)  
  15  0:37  Probe (Chrono Boost)  
  15  0:38  Gateway  
  16  0:44  Probe (Chrono Boost)  
  16  0:46  Assimilator  
  17  0:51  Probe  
  18  1:03  Probe  
  19  1:15  Probe  
  20  1:22  Nexus  
  20  1:27  Probe  
  21  1:35  Cybernetics Core  
  21  1:45  Pylon  
  21  1:52  Zealot (Chrono Boost)  
  23  2:03  Probe  
  24  2:10  Stalker (Chrono Boost)  
  24  2:12  Warp Gate  
  24  2:15  Probe  
  27  2:22  Shield Battery  
  27  2:27  Probe  
  28  2:31  Stalker (Chrono Boost)  
  28  2:34  Probe  
  31  2:39  Probe  
  32  2:47  Probe, Forge  
  33  2:51  Probe  
  34  2:59  Probe  
  34  3:00  Stalker  
  34  3:03  Probe  
  38  3:11  Probe  
  38  3:12  Pylon  
  39  3:16  Probe  
  40  3:30  Probe  
  40  3:31  Probe  
  40  3:33  Photon Cannon  
  42  3:35  Photon Cannon  
  42  3:42  Probe, Gateway  
  42  3:46  Photon Cannon  
  44  3:51  Gateway  
  44  3:53  Shield Battery  
  43  3:58  Probe x2  
  43  4:02  Stalker  
  45  4:11  Probe x2  
  45  4:14  Photon Cannon, Pylon  
  47  4:17  Assimilator  
  47  4:24  Probe  
  45  4:34  Photon Cannon  
  45  4:35  Photon Cannon  
  45  4:36  Probe  
  45  4:38  Photon Cannon  
  43  4:39  Pylon  
  43  4:41  Stalker  
  43  4:45  Stalker  
  47  4:48  Stalker  
  49  4:57  Pylon  
  49  4:59  Robotics Facility  
  49  5:01  Probe x2  
  49  5:04  Stalker  
  53  5:08  Stalker  
  53  5:17  Stalker  
  46  5:21  Probe x2  
  45  5:34  Probe x2  
  47  5:46  Immortal (Chrono Boost), Probe  
  52  5:53  Probe  
  53  5:58  Probe  
  54  6:05  Probe  
  55  6:16  Shield Battery, Warp Prism (Chrono Boost)  
  57  6:23  Stalker x3  
  57  6:42  Immortal (Chrono Boost)  
  57  6:46  Stalker  
  63  6:50  Zealot x2  
  67  7:11  Immortal (Chrono Boost)  
  67  7:16  Zealot x3  
  73  7:23  Shield Battery  
  73  7:33  Probe x2  
  73  7:35  Pylon  
  73  7:43  Immortal (Chrono Boost)  
  73  7:46  Probe  
  74  7:55  Stalker x3  
  78  8:05  Probe x2  
Tags
 
Add a new tag
Caveats
  • Supply blocks, unpowered buildings, or Contaminate may cause inaccurate times.
  • Supply counts are checked every 10 seconds.